Cogmind - Beta 17.1 @@@ ROGUE MODE // 2026.09.21 @ 13:39:50 Player: RecursiveCharlatan Result: Self-destructed Performance ------------- Evolutions (5) 2500 Regions Visited (24) 4800 Robots Destroyed (364) 1820 Value Destroyed (16756) 16756 Prototype IDs (29) 580 Alien Tech Used (0) 0 Bonus (14682) 14682 TOTAL SCORE: 41138 Bonus ------- High Alert Combat Kills 6695 Follower Combat Kills 2410 Entered Garrisons 1400 Used RIF Installer 3500 Entered DSFs 500 Aligned with FarCom 300 Friendly Fire -123 Cogmind --------- Core Integrity 694/1000 Matter 15/300 Energy 700/700 System Corruption 1% Temperature Cool (67) Movement Treading (246) Ox1 Location -5/Factory Parts ------- > --- POWER (1) -------- Reinforced Quantum Reactor > --- PROPULSION (4) --- Armored Medium Treads Armored Medium Treads (fused) Improved Heavy Treads > --- UTILITY (8) ------ Advanced Heat Sink Huge Storage Unit Energy Well Advanced Weapon Cycler Layered Heavy Armor Plating Advanced Shield Generator > --- WEAPON (4) ------- KE Penetrator KE Penetrator KE Penetrator KE Penetrator > --- INVENTORY (25) --- Armored Medium Treads Armored Medium Treads Improved Heavy Treads Matter Compressor (0) Improved Weapon Cycler Improved Transmission Jammer Advanced Phase Shifter Advanced Phase Shifter Layered Heavy Armor Plating Graphene Brace Advanced Hacking Suite Relay Coupler [Swarmer] (42) Relay Coupler [Specialist] (37) Advanced System Restoration Module Heavy Machine Gun KE Penetrator Railgun Mass Driver Heavy Missile Launcher Improved Remote Datajack Plasma Cutter Impact Mace Signal Generator Peak State ------------ > --- POWER ------------ Reinforced Quantum Reactor > --- PROPULSION ------- Armored Medium Treads Armored Medium Treads Improved Heavy Treads > --- UTILITY ---------- Advanced Heat Sink Huge Storage Unit Energy Well Advanced Weapon Cycler Layered Heavy Armor Plating Advanced Shield Generator Relay Coupler [NC] > --- WEAPON ----------- KE Penetrator KE Penetrator KE Penetrator KE Penetrator > --- INVENTORY -------- Armored Medium Treads Improved Heavy Treads Matter Compressor Improved Weapon Cycler Improved Transmission Jammer Advanced Phase Shifter Advanced Phase Shifter Layered Heavy Armor Plating Graphene Brace Advanced Hacking Suite Relay Coupler [Swarmer] Relay Coupler [Specialist] Advanced System Restoration Module Heavy Machine Gun KE Penetrator Railgun Mass Driver Heavy Missile Launcher Improved Remote Datajack Plasma Cutter Impact Mace Signal Generator [Rating: 111] Favorites ----------- Power Neutrino Core Engine Heavy Ion Engine Power Core Neutrino Core Reactor Reinforced Quantum Reactor Propulsion Armored Treads Treads Armored Treads Leg Aluminum Leg Utility High-capacity Storage Unit Device Improved Heat Sink Storage High-capacity Storage Unit Processor Core Analyzer Hackware Relay Coupler [NC] Protection Layered Heavy Armor Plating Weapon Heavy Machine Gun Energy Gun Medium Laser Ballistic Gun Heavy Machine Gun Ballistic Cannon Mass Driver Launcher Heavy Missile Launcher Special Weapon Remote Datajack Impact Weapon Impact Mace Slashing Weapon Ripper Build | -11 -10 -10 -9 -9 -9 -8 -8 -8 -8 -8 -8 -7 -7 -7 -7 -6 -6 -6 -6 -5 -5 -5 -5 -5 ------- Run | Yrd Mat Min Mat Min Exi Min Mat Gar Mat Sto Gar Fac Gar Fac DSF Fac Gar Fac Gar Fac Gar Fac Gar Fac Slots Evolved 10 | . . . 2 . . . 2 . . . . 2 . . . 2 . . . 2 . . . . Power . | . . . . . . . . . . . . . . . . . . . . . . . . . Propulsion 2 | . . . 1 . . . . . . . . . . . . 1 . . . . . . . . Utility 6 | . . . 1 . . . . . . . . 2 . . . 1 . . . 2 . . . . Weapon 2 | . . . . . . . 2 . . . . . . . . . . . . . . . . . Parts Attached 162 | 7 2 1 11 3 1 5 12 9 5 10 4 1 8 2 7 4 8 4 14 12 10 1 18 3 Power 12 | 1 1 . 1 . . . . 1 . 1 . . 1 . . . 1 . 1 . 1 . 3 . Engine 5 | 1 1 . 1 . . . . . . 1 . . 1 . . . . . . . . . . . Core 5 | . . . . . . . . 1 . . . . . . . . 1 . 1 . 1 . 1 . Reactor 2 | . . . . . . . . . . . . . . . . . . . . . . . 2 . Propulsion 31 | 2 . . 5 . . 3 5 . 1 . 1 . 2 . 1 2 3 . 1 1 . . 4 . Treads 25 | 2 . . 5 . . . 4 . 1 . 1 . 2 . 1 . 3 . 1 1 . . 4 . Leg 6 | . . . . . . 3 1 . . . . . . . . 2 . . . . . . . . Wheel . | . . . . . . . . . . . . . . . . . . . . . . . . . Hover . | . . . . . . . . . . . . . . . . . . . . . . . . . Flight . | . . . . . . . . . . . . . . . . . . . . . . . . . Utility 63 | 2 1 . 2 1 1 . 4 2 1 4 1 . 4 1 2 2 3 . 9 10 5 1 6 1 Device 24 | 1 . . 1 . . . 3 . . 1 . . 3 . 1 1 . . 3 5 2 . 2 1 Storage 6 | 1 1 . . 1 1 . . . . . . . . . . . . . 1 1 . . . . Processor 3 | . . . . . . . . 1 . 1 . . . . . 1 . . . . . . . . Hackware 11 | . . . . . . . . 1 . . . . . 1 . . 2 . 4 2 . 1 . . Protection 19 | . . . 1 . . . 1 . 1 2 1 . 1 . 1 . 1 . 1 2 3 . 4 . Artifact . | . . . . . . . . . . . . . . . . . . . . . . . . . Weapon 56 | 2 . 1 3 2 . 2 3 6 3 5 2 1 1 1 4 . 1 4 3 1 4 . 5 2 Energy Gun 1 | 1 . . . . . . . . . . . . . . . . . . . . . . . . Energy Cannon . | . . . . . . . . . . . . . . . . . . . . . . . . . Ballistic Gun 43 | 1 . 1 3 1 . 2 3 4 3 3 2 1 . . 4 . 1 2 3 1 4 . 3 1 Ballistic Cannon 2 | . . . . . . . . . . . . . . . . . . . . . . . 2 . Launcher 3 | . . . . 1 . . . . . 1 . . 1 . . . . . . . . . . . Special Weapon 3 | . . . . . . . . . . 1 . . . 1 . . . . . . . . . 1 Impact Weapon 3 | . . . . . . . . 1 . . . . . . . . . 2 . . . . . . Slashing Weapon 1 | . . . . . . . . 1 . . . . . . . . . . . . . . . . Piercing Weapon . | . . . . . . . . . . . . . . . . . . . . . . . . . Special Melee Weapon . | . . . . . . . . . . . . . . . . . . . . . . . . . Unidentified Prototypes 6 | . . . 1 . . . . . 1 3 . . . . . . . 1 . . . . . . Parts Lost 42 | . . 1 2 1 . 2 1 2 1 1 3 3 4 . 2 . 2 1 3 3 3 1 5 1 Power 3 | . . . . . . . . 1 . . . . . . . . . . . . 1 . 1 . Propulsion 12 | . . . . . . 2 . . . . 2 1 2 . 2 . 1 . . . . 1 1 . Utility 20 | . . . 1 1 . . 1 . 1 1 . 1 1 . . . 1 1 3 3 2 . 2 1 Weapon 7 | . . 1 1 . . . . 1 . . 1 1 1 . . . . . . . . . 1 . Highest Loss Streak 3 | . . 1 1 1 . 1 1 1 1 1 1 3 2 . 2 . 2 1 1 3 1 1 3 1 To Critical Strikes . | . . . . . . . . . . . . . . . . . . . . . . . . . Average Backups 17 | 1 5 6 8 9 11 10 14 17 17 18 18 17 16 15 16 17 17 19 21 21 21 20 20 21 Power . | . 1 1 1 1 1 1 1 1 1 1 2 2 1 1 1 1 1 1 . . . . . . Propulsion 2 | 1 2 2 1 . . . 2 6 6 5 3 3 1 1 . . 1 2 1 2 2 1 1 2 Utility 6 | . 1 2 2 2 2 3 4 5 5 5 5 6 6 7 7 8 6 6 7 9 9 10 10 10 Weapon 5 | . . 1 2 6 8 6 4 4 4 5 5 4 4 4 5 6 6 7 9 7 7 6 6 6 Tool/Special . | . . . . . . . . . . . . . . . . . . . . . . . . . Unused Backups 18 | . 2 . 2 . . . . 1 . . . . . . . . . . 4 . 1 . 1 7 Power 1 | . . . . . . . . . . . . . . . . . . . 1 . . . . . Propulsion 4 | . 2 . 1 . . . . . . . . . . . . . . . 1 . . . . . Utility 11 | . . . . . . . . 1 . . . . . . . . . . 2 . 1 . . 7 Weapon 2 | . . . 1 . . . . . . . . . . . . . . . . . . . 1 . Tool/Special . | . . . . . . . . . . . . . . . . . . . . . . . . . Average Slot Usage (%) 88 | . 100 99 87 88 66 84 95 99 90 92 99 79 89 92 84 84 78 75 78 83 86 81 87 92 Engine 4 | . 14 14 11 11 11 11 9 6 . 7 9 7 7 7 7 6 . . . . . . . . Core 2 | . . . . . . . . 2 9 1 . . . . . . 5 6 6 5 4 5 2 . Treads 19 | . 28 28 32 33 33 4 7 27 27 27 27 20 22 23 20 13 14 13 13 10 11 10 16 21 Leg 1 | . . . . . . 24 19 . . . . . . . . 8 . . . . . . . . Device 10 | . 14 14 4 11 11 11 12 1 . 2 9 7 13 15 8 16 7 6 9 16 17 17 17 17 Storage 9 | . 14 14 11 11 11 11 9 9 9 9 9 7 7 7 7 6 7 8 8 10 11 11 11 11 Hackware 2 | . . . . . . . . 3 . . . . . . 7 6 . . 5 4 5 5 5 5 Protection 5 | . . . 7 4 . . 1 9 8 9 9 5 6 7 1 . 5 6 6 6 8 5 5 5 Ballistic Gun 26 | . 14 13 18 17 . 21 35 34 35 34 34 29 29 30 29 26 25 26 23 22 21 22 21 21 Peak Build Rating 111 | 7 9 9 19 20 15 21 41 38 38 39 37 37 53 51 58 70 85 86 93 103 104 104 107 111 Average Rating 58 | 5 7 8 12 17 13 20 32 35 37 37 36 35 48 48 48 60 73 84 86 101 99 102 102 107 On Entrance 47 | . 7 8 9 19 13 14 21 36 37 38 37 37 32 48 51 51 70 85 80 93 100 104 101 107 Avg Prop Armor Cover (%) 10 | . . . . . . . . . . . . . . . . 11 11 . . . . . . 4 Naked Turns . | . . . . . . . . . . . . . . . . . . . . . . . . . Heaviest Build 178 | 15 22 22 28 89 89 55 69 69 74 76 66 65 89 85 92 75 178 178 143 164 165 144 161 162 Greatest Support 150 | 40 40 40 60 60 60 40 60 60 62 62 62 60 60 60 60 40 150 150 150 150 150 150 150 129 Greatest Overweight (x) 4 | 4 . . . 1 1 3 1 1 1 1 1 1 1 1 1 1 1 1 . 1 1 . 1 1 Average Overweight (x) . | . . . . . . 1 1 . . 1 1 1 1 1 1 1 . . . . . . . 1 Largest Inventory Capacity 25 | 8 10 10 10 25 25 20 20 20 20 20 20 20 20 20 20 20 25 25 25 25 25 25 25 25 Average Capacity 20 | 7 8 10 10 12 24 20 20 20 20 20 20 20 20 20 20 20 21 25 25 25 25 25 25 25 Most Carried 25 | 3 8 8 10 12 14 12 20 20 20 20 20 19 20 17 20 20 21 25 25 25 25 25 25 25 Average Carried 19 | 1 5 7 9 10 12 11 16 19 19 19 19 18 18 17 18 19 20 22 24 24 24 24 23 24 Final Capacity 25 | 8 10 10 10 25 20 20 20 20 20 20 20 20 20 20 20 20 25 25 25 25 25 25 25 25 Final Carried 25 | 3 6 8 10 12 13 12 20 20 19 20 19 19 17 17 19 20 21 25 25 24 25 23 25 25 Class Distribution -------------------- 28% | Skirmisher 20% | Scavenger-Tank 16% | Bothacker-Tank 10% | Mutant 9% | Tank 5% | Scavenger-Mutant 3% | Scavenger-Skirmisher Dominant Class ---------------- Mutant | -10/Materials Mutant | -10/Mines Scavenger-Mutant | -9/Materials Scavenger-Mutant | -9/Mines Mutant | -9/Exiles Mutant | -8/Mines Skirmisher | -8/Materials Skirmisher | -8/Garrison Skirmisher | -8/Materials Skirmisher | -8/Storage Skirmisher | -8/Garrison Skirmisher | -7/Factory Scavenger-Tank | -7/Garrison Scavenger-Tank | -7/Factory Bothacker-Skirmisher | -7/DSF Bothacker-Skirmisher | -6/Factory Tank | -6/Garrison Tank | -6/Factory Bothacker-Tank | -6/Garrison Bothacker-Tank | -5/Factory Bothacker-Tank | -5/Garrison Bothacker-Tank | -5/Factory Scavenger-Tank | -5/Garrison Scavenger-Tank | -5/Factory Resources | -11 -10 -10 -9 -9 -9 -8 -8 -8 -8 -8 -8 -7 -7 -7 -7 -6 -6 -6 -6 -5 -5 -5 -5 -5 ----------- Run | Yrd Mat Min Mat Min Exi Min Mat Gar Mat Sto Gar Fac Gar Fac DSF Fac Gar Fac Gar Fac Gar Fac Gar Fac Matter Collected 13522 | 240 149 41 335 165 . 174 1013 976 220 853 844 174 576 . 425 . 722 437 1453 1666 819 524 1466 250 Remotely . | . . . . . . . . . . . . . . . . . . . . . . . . . Salvage Created 17781 | 37 417 210 809 98 . 203 1156 1095 347 915 1121 274 928 . 240 . 1232 770 1477 1336 975 1178 1988 975 Parts 865 | 6 32 10 40 8 . 15 67 59 22 42 71 10 36 . 6 . 36 41 54 64 37 43 121 45 Haulers Intercepted 10 | . 2 . 2 . . . 2 . . 2 . . . . 1 . . 1 . . . . . . Recyclers Shooed 6 | . 1 . 1 . . . 1 . . 1 . . . . . . . 1 . 1 . . . . Parts Field Recycled . | . . . . . . . . . . . . . . . . . . . . . . . . . Retrieved Matter . | . . . . . . . . . . . . . . . . . . . . . . . . . Parts Self-Destructed . | . . . . . . . . . . . . . . . . . . . . . . . . . Prevented . | . . . . . . . . . . . . . . . . . . . . . . . . . Parts Restored . | . . . . . . . . . . . . . . . . . . . . . . . . . Kills | -11 -10 -10 -9 -9 -9 -8 -8 -8 -8 -8 -8 -7 -7 -7 -7 -6 -6 -6 -6 -5 -5 -5 -5 -5 ------- Run | Yrd Mat Min Mat Min Exi Min Mat Gar Mat Sto Gar Fac Gar Fac DSF Fac Gar Fac Gar Fac Gar Fac Gar Fac Combat Hostiles Destroyed 311 | . 7 6 10 7 . 7 18 24 6 13 30 7 20 . 3 . 10 11 17 21 22 22 36 14 Guns 297 | . 7 6 10 4 . 7 18 24 6 13 30 7 16 . 3 . 10 11 17 21 16 21 36 14 AOE 14 | . . . . 3 . . . . . . . . 4 . . . . . . . 6 1 . . Classes Destroyed 19 | 1 6 . 2 . . . 2 1 1 . 2 . . . . . . 1 . 1 1 1 . . Worker 10 | . 1 . 3 . . . . . . . . . . . . . . 1 . 3 . . . 2 Builder 11 | . . . 1 . . . 3 . . . . . . . . . . 3 . 2 . 2 . . Tunneler 3 | 2 . . 1 . . . . . . . . . . . . . . . . . . . . . Hauler 10 | . 2 . 2 . . . 2 . . 2 . . . . 1 . . 1 . . . . . . Recycler 7 | . 1 . 2 . . . 2 . 1 1 . . . . . . . . . . . . . . Operator 3 | . . . . . . . . . 1 . . . . . . . . . . 1 . . . 1 Watcher 7 | . 2 . . . . . . . . 1 . . . . . . . . . 2 . . . 2 Swarmer 68 | . 3 2 . 6 . 4 2 6 2 . 9 3 3 . . . 2 2 5 . 4 6 9 . Cutter 2 | . . . . . . . . . . . 2 . . . . . . . . . . . . . Saboteur 1 | . . . . . . . . . . . . . . . . . . . . . . 1 . . Grunt 130 | . 4 4 7 1 . 3 9 8 1 8 8 4 11 . 1 . 5 3 9 6 9 12 11 6 Brawler 5 | . . . . . . . . . . . . . . . . . . 1 . 1 . 1 . 2 Duelist 9 | . . . . . . . 1 2 . . . . 2 . 1 . . . . 1 . . . 2 Sentry 46 | . . . 3 . . . 5 6 2 4 4 . 3 . . . 1 4 . 1 4 2 6 1 Specialist 5 | . . . . . . . . 1 . . . . . . . . . . . 2 2 . . . Hunter 22 | . . . . . . . 1 2 1 1 2 . 1 . 1 . . 1 . 5 2 . 4 1 Programmer 20 | . . . . . . . . . . . 5 . . . . . 2 . 4 4 . . 3 2 Heavy 3 | . . . . . . . . . . . . . . . . . . . . 1 . . 2 . Behemoth 2 | . . . . . . . . . . . . . . . . . . . . . 1 . 1 . Best Kill Streak 10 | 2 5 2 5 3 . 4 5 4 3 3 6 7 6 . 2 . 3 4 4 5 10 8 7 5 Combat Bots Only 10 | . 4 2 3 3 . 4 3 4 2 2 6 7 6 . 2 . 3 3 4 5 10 7 7 4 Max Kills in Single Turn 3 | 1 1 1 1 3 . 2 2 2 1 1 2 2 3 . 1 . 2 2 1 2 3 3 2 3 Gunslinging 2 | . . . . . . 1 . 1 . . 1 1 . . . . 1 1 . 1 2 2 1 1 Exploded 3 | . . . . 3 . . . . . . . . 2 . . . . . . . 3 1 . . Melee . | . . . . . . . . . . . . . . . . . . . . . . . . . Uniques/NPCs Destroyed . | . . . . . . . . . . . . . . . . . . . . . . . . . Combat | -11 -10 -10 -9 -9 -9 -8 -8 -8 -8 -8 -8 -7 -7 -7 -7 -6 -6 -6 -6 -5 -5 -5 -5 -5 -------- Run | Yrd Mat Min Mat Min Exi Min Mat Gar Mat Sto Gar Fac Gar Fac DSF Fac Gar Fac Gar Fac Gar Fac Gar Fac Hostile Shots Fired 1501 | . 31 31 58 56 . 33 49 82 18 60 101 29 224 . 20 . 38 88 92 145 118 50 138 40 Missed 412 | . 9 5 15 15 . 8 10 19 6 7 32 8 69 . 2 . 11 32 27 54 25 17 29 12 Hits 1089 | . 22 26 43 41 . 25 39 63 12 53 69 21 155 . 18 . 27 56 65 91 93 33 109 28 Melee 15 | . . . . . . . . . . . . . 5 . 5 . . 1 . 4 . . . . Projectile 1074 | . 22 26 43 41 . 25 39 63 12 53 69 21 150 . 13 . 27 55 65 87 93 33 109 28 AOE 3 | . . . . . . . . . . . 1 . . . . . . . . . . . . 2 Critical Strikes 30 | . . . . . . 2 4 2 1 2 1 . 2 . 2 . 1 2 2 4 1 . 4 . Part Disruptions 4 | . . . . . . . . . . . . . . . . . . . . 3 . . . 1 Damage Taken 16168 | . 210 300 583 404 . 278 609 886 162 863 946 313 1569 . 421 . 581 811 883 2009 1140 508 2066 626 Core 1372 | . 56 48 99 24 . 18 101 31 37 105 66 30 163 . 52 . 60 74 102 107 76 24 52 47 Absorbed by Shields 1830 | . . . . . . . . 24 . . . . . . . . . . . 248 420 183 731 224 Reduced by Siege Mode 144 | . . . . . . . . . . . . . . . . . . . . 14 49 . 73 8 Ignored by Resistances 479 | . . . . . . . . . . . . . 159 . 56 . 36 . . 23 205 . . . Regen/Repaired (Parts) 909 | . . . . . . . . . . . . 124 . . . . . . . . . 268 . 517 Core Remaining (%) 66 | 100 . 58 . . . 64 . . . . 38 . . . 65 . . . 72 . . . . . Volleys Fired 827 | 5 29 26 70 20 . 17 50 48 13 40 56 14 33 . 13 . 31 23 78 78 44 38 72 29 Largest 4 | 2 2 2 2 2 . 2 4 4 4 4 4 4 4 . 4 . 4 4 4 4 4 4 4 4 Hottest 143 | 70 70 70 73 50 . 50 100 100 103 106 106 103 101 . 120 . 125 125 120 120 121 124 143 132 Shots Fired 2704 | 10 57 44 138 38 . 35 200 189 52 154 184 49 117 . 46 . 94 93 249 288 161 113 289 104 Gun 2652 | 10 57 44 138 36 . 35 200 189 52 154 184 49 114 . 44 . 86 93 234 283 156 111 283 100 Cannon 6 | . . . . . . . . . . . . . . . . . . . . . . . 6 . Launcher 10 | . . . . 2 . . . . . . . . 3 . . . . . . . 5 . . . Special 36 | . . . . . . . . . . . . . . . 2 . 8 . 15 5 . 2 . 4 Kinetic 2584 | 5 29 18 123 36 . 35 200 189 52 154 184 49 114 . 44 . 86 93 234 283 156 111 289 100 Thermal 74 | 5 28 26 15 . . . . . . . . . . . . . . . . . . . . . Explosive 10 | . . . . 2 . . . . . . . . 3 . . . . . . . 5 . . . Electromagnetic . | . . . . . . . . . . . . . . . . . . . . . . . . . Robot Hit Streak 46 | 3 9 14 22 7 . 7 9 16 8 18 20 8 14 . 3 . 9 9 23 16 26 16 46 14 Robot Miss Streak 9 | 1 3 4 3 9 . 4 3 3 2 4 4 2 8 . 4 . 2 4 2 5 3 5 5 4 Penetration Max 1 | . . . . . . . . . . 1 1 1 1 . . . 1 1 . 1 1 1 1 1 Secondary Targets 74 | . . 1 . . . 2 1 8 . . 9 3 6 . . . 1 2 2 8 7 7 9 8 Max Gunslinging Chain 2 | . . 1 . . . 1 1 1 . . 2 1 1 . . . 1 1 1 1 2 2 1 2 Shots Hit Robots 1789 | 6 40 26 104 14 . 23 118 122 32 90 107 37 76 . 20 . 90 55 170 192 113 74 207 73 Core Hits 768 | 2 22 13 34 10 . 11 46 47 14 32 50 14 40 . 7 . 36 30 65 69 57 47 82 40 Critical Kills 19 | . . . . . . . . . . . 1 . . . . . . 1 . 2 4 4 5 2 Critical Parts Destroyed 28 | . . 1 3 1 . . 2 3 . 1 1 . 1 . . . 1 . 3 2 2 2 2 3 Critical Strikes 58 | . 1 3 6 1 . . 2 3 . 1 2 . 1 . . . 3 1 3 4 7 6 7 7 Burn 5 | . 1 2 2 . . . . . . . . . . . . . . . . . . . . . Destroy 50 | . . 1 4 1 . . 2 3 . 1 2 . 1 . . . 1 1 2 4 7 6 7 7 Smash 1 | . . . . . . . . . . . . . . . . . . . 1 . . . . . Sever 2 | . . . . . . . . . . . . . . . . . 2 . . . . . . . Melee Attacks 121 | . . . . . . . . 10 . 5 10 . 22 . . . 33 . 9 8 10 2 11 1 Impact 47 | . . . . . . . . 6 . . . . . . . . . . 9 8 10 2 11 1 Slashing 74 | . . . . . . . . 4 . 5 10 . 22 . . . 33 . . . . . . . Piercing . | . . . . . . . . . . . . . . . . . . . . . . . . . Sneak Attacks 1 | . . . . . . . . . . . . . . . . . . . 1 . . . . . Combat Hostiles . | . . . . . . . . . . . . . . . . . . . . . . . . . Follow-up Attacks . | . . . . . . . . . . . . . . . . . . . . . . . . . Damage Inflicted 39752 | 74 512 304 1231 518 . 352 2014 2058 488 1688 2037 641 1894 . 403 . 3703 1379 3935 4254 3795 1982 4671 1819 Guns 34859 | 74 509 304 1220 255 . 352 1988 2058 488 1641 2033 641 1434 . 403 . 1331 1296 3793 4168 2464 1917 4671 1819 Cannons . | . . . . . . . . . . . . . . . . . . . . . . . . . Explosions 2105 | . . . . 260 . . . . . . . . 453 . . . . . . . 1331 61 . . Melee 2556 | . . . . . . . . . . 42 . . . . . . 2372 . 142 . . . . . Ramming 232 | . 3 . 11 3 . . 26 . . 5 4 . 7 . . . . 83 . 86 . 4 . . Kinetic 34246 | 62 245 117 1070 255 . 352 1988 2058 488 1641 2033 641 1434 . 403 . 1331 1296 3793 4168 2464 1917 4671 1819 Thermal 651 | 12 264 187 150 38 . . . . . . . . . . . . . . . . . . . . Explosive 2067 | . . . . 222 . . . . . . . . 453 . . . . . . . 1331 61 . . Electromagnetic . | . . . . . . . . . . . . . . . . . . . . . . . . . Impact 142 | . . . . . . . . . . . . . . . . . . . 142 . . . . . Slashing 2414 | . . . . . . . . . . 42 . . . . . . 2372 . . . . . . . Piercing . | . . . . . . . . . . . . . . . . . . . . . . . . . Highest Corruption 6 | . . . 2 2 2 2 1 1 1 1 3 . . . . . . 4 6 5 . . 1 1 Average Corruption 2 | . . . 2 2 2 2 1 1 1 1 2 . . . . . . 4 5 3 . . 1 1 Corruption Purged 5 | . . . . . . . . . . . . . . . . . . . . 5 . . . . Corruption Blocked . | . . . . . . . . . . . . . . . . . . . . . . . . . Effects 161 | . . . . 18 3 4 1 17 5 10 36 . . . . . . 1 44 3 . . 11 8 Message Errors 48 | . . . . 4 1 1 1 5 2 3 11 . . . . . . . 9 2 . . 7 2 Matter Fused 37 | . . . . 2 . . . 6 2 2 11 . . . . . . . 10 . . . 1 3 Heat Flow Errors 12 | . . . . 2 . . . 3 . . 3 . . . . . . . 4 . . . . . Energy Discharges 20 | . . . . 4 . 1 . . 1 . 3 . . . . . . . 10 . . . . 1 Parts Fused 2 | . . . . . . . . . . . 1 . . . . . . . . . . . . 1 Data Loss (minor) 17 | . . . . 3 1 . . 1 . 1 2 . . . . . . . 5 1 . . 2 1 Data Loss (major) 11 | . . . . 1 . . . 2 . 2 3 . . . . . . . 3 . . . . . Misfires 6 | . . . . 1 . 1 . . . . 2 . . . . . . 1 . . . . 1 . Alerts 2 | . . . . . 1 1 . . . . . . . . . . . . . . . . . . Weapon Failures 6 | . . . . 1 . . . . . 2 . . . . . . . . 3 . . . . . Overload Shots . | . . . . . . . . . . . . . . . . . . . . . . . . . Overflow Damage 244 | . . . . 23 . . . . . 11 . . . . . . 5 29 142 32 2 . . . Projectiles . | . . . . . . . . . . . . . . . . . . . . . . . . . Explosions 25 | . . . . 23 . . . . . . . . . . . . . . . . 2 . . . Melee 219 | . . . . . . . . . . 11 . . . . . . 5 29 142 32 . . . . Knockbacks 1 | . . . . . . . . . . . . . . . . . . 1 . . . . . . Impact 1 | . . . . . . . . . . . . . . . . . . 1 . . . . . . Kinetic . | . . . . . . . . . . . . . . . . . . . . . . . . . Secondary . | . . . . . . . . . . . . . . . . . . . . . . . . . Self-Inflicted Damage 139 | . . . . 13 . . . . . . . . . . . . . . . . . . . 126 Shots 3 | . . . . 1 . . . . . . . . . . . . . . . . . . . 2 Rammed 19 | . 1 . 2 3 . . 1 . . 1 1 . 2 . . . . 4 . 3 . 1 . . Targets Rammed 21 | . 1 . 2 3 . . 2 . . 1 1 . 2 . . . . 4 . 4 . 1 . . Kicked 1 | . . . . . . . 1 . . . . . . . . . . . . . . . . . Crushed 1 | . . . . . . . . . . . . . . . . . . . . 1 . . . . Highest Temperature 357 | 45 150 238 147 186 . 16 77 353 198 304 228 51 345 . 27 . 357 36 264 64 91 135 342 299 Average Temperature 69 | 23 47 93 28 87 . 10 27 93 79 94 96 25 139 . 15 . 77 9 52 15 30 50 84 111 Received Heat Transfer 4666 | . 69 144 243 30 . 99 288 372 45 423 198 72 552 . 18 . 504 216 252 346 320 156 200 119 Effects 9 | . . . . . . . . 3 . 3 . . 3 . . . . . . . . . . . Shutdowns 2 | . . . . . . . . 1 . . . . 1 . . . . . . . . . . . Energy Bleed 1 | . . . . . . . . . . . . . 1 . . . . . . . . . . . Interference 6 | . . . . . . . . 2 . 3 . . 1 . . . . . . . . . . . Siege Activations 12 | . . . . . . . . . . . . . . . . . . . . 1 1 . 9 1 Total Turns 184 | . . . . . . . . . . . . . . . . . . . . 16 21 . 138 9 Longest Duration 42 | . . . . . . . . . . . . . . . . . . . . 16 21 . 42 9 Martial Activations . | . . . . . . . . . . . . . . . . . . . . . . . . . Shielding Activations . | . . . . . . . . . . . . . . . . . . . . . . . . . Robots Disrupted . | . . . . . . . . . . . . . . . . . . . . . . . . . Combat Hostiles . | . . . . . . . . . . . . . . . . . . . . . . . . . Robots Corrupted 1 | . . . . . . . . . . . . . . . . . . 1 . . . . . . Combat Hostiles . | . . . . . . . . . . . . . . . . . . . . . . . . . Parts Fried 2 | . . . . . . . . . . . . . . . . . . 1 . 1 . . . . Impact Corruptions 4 | . . . . . . . . . . . . . . . . . . 1 2 1 . . . . Robots Melted . | . . . . . . . . . . . . . . . . . . . . . . . . . Combat Hostiles . | . . . . . . . . . . . . . . . . . . . . . . . . . Parts Melted 4 | . . 3 . . . . . . . . . . . . . . . . . . . . . 1 Heat Transferred 2233 | 37 851 703 592 50 . . . . . . . . . . . . . . . . . . . . Parts Sabotaged . | . . . . . . . . . . . . . . . . . . . . . . . . . Parts Stolen . | . . . . . . . . . . . . . . . . . . . . . . . . . Parts Stripped . | . . . . . . . . . . . . . . . . . . . . . . . . . Power Chain Reactions . | . . . . . . . . . . . . . . . . . . . . . . . . . Alert | -11 -10 -10 -9 -9 -9 -8 -8 -8 -8 -8 -8 -7 -7 -7 -7 -6 -6 -6 -6 -5 -5 -5 -5 -5 ------- Run | Yrd Mat Min Mat Min Exi Min Mat Gar Mat Sto Gar Fac Gar Fac DSF Fac Gar Fac Gar Fac Gar Fac Gar Fac Maximum Alert Level 5 | . . . . 1 . . 1 4 3 1 4 3 3 2 2 1 3 3 5 5 5 4 5 4 Low Security (%) 24 | 100 100 100 100 92 . 100 65 4 . 70 10 . . . . 63 17 . . . . . . . Level 1 8 | . . . . 7 . . 34 28 . 29 10 . . . . 36 10 . . . . . . . Level 2 16 | . . . . . . . . 18 32 . 30 74 63 100 100 . 43 22 . . . . . . Level 3 21 | . . . . . . . . 30 67 . 38 25 36 . . . 29 77 27 21 . 69 16 . Level 4 17 | . . . . . . . . 17 . . 9 . . . . . . . 42 57 57 30 14 100 Level 5 11 | . . . . . . . . . . . . . . . . . . . 30 20 42 . 68 . High Security . | . . . . . . . . . . . . . . . . . . . . . . . . . Max Security . | . . . . . . . . . . . . . . . . . . . . . . . . . Peak Influence 2327 | 10 95 64 125 231 . 125 274 1474 788 266 1297 735 1088 576 589 308 960 1064 1872 1699 1938 1428 2327 1468 Initial 1221 | . . 16 . 19 . . . 126 718 266 145 680 493 571 403 308 21 504 759 982 1136 1017 982 1221 Average 775 | . 24 19 67 92 . 55 110 692 716 171 705 664 724 572 514 164 560 875 1309 1350 1528 1105 1695 1276 Influence Increases 14335 | 10 208 210 332 371 . 175 529 1488 170 454 1182 195 715 5 226 . 959 909 1203 1329 832 781 1455 597 Destroy 0b10 Robot/C 7540 | . 140 120 200 200 . 140 360 800 120 260 600 140 400 . 140 . 380 340 540 780 460 460 750 210 Destroy 0b10 Robot/NC 370 | 10 30 . 45 . . . 35 . 10 20 . . . . 5 . 30 45 30 80 . 10 . 20 Destroy Leader 1094 | . 38 30 54 40 . 20 84 30 40 66 30 10 40 . 40 . 40 112 40 168 30 70 60 52 Allied During Kill 775 | . . . 2 28 . . . 136 . . . . 8 . 6 . 115 109 159 167 15 22 8 . Successful Hack 58 | . . . . . . . . . . 11 . 14 . 5 . . 14 2 . . . 12 . . Disable Machine 660 | . . . . 75 . 15 . . . 60 . . . . 15 . . 195 30 30 15 60 45 120 Anti-Garrison Action 2313 | . . . . . . . . 450 . . 450 . 200 . . . 150 . 350 . 200 . 400 113 Destroy Structure 808 | . . . 1 28 . . 5 27 . 7 57 1 52 . 5 . 185 106 24 44 67 102 27 70 Partial Spotted 45 | . . . 15 . . . . . . . . . . . . . . . . 15 15 . . . Lose Combat Pursuer 672 | . . 60 15 . . . 45 45 . 30 45 30 15 . 15 . 45 . 30 45 30 45 165 12 Influence Decreases 12883 | 10 164 254 281 422 . 175 334 209 1012 862 109 787 332 517 213 559 29 784 416 1578 517 1315 532 1472 Entered New Map 7747 | . . 28 . 32 . . . 69 756 366 79 617 212 517 173 281 9 456 326 890 487 921 422 1106 Time Decay 4196 | 10 164 216 251 380 . 155 324 . 246 486 . 140 . . . 278 . 318 . 538 . 334 . 356 Lost Part 410 | . . 10 10 10 . 20 10 20 10 10 30 30 40 . 20 . 20 10 30 30 30 10 50 10 Lost Ally 530 | . . . 20 . . . . 120 . . . . 80 . 20 . . . 60 120 . 50 60 . Squads Dispatched 34 | . 2 1 . 1 . . 2 . . . . 1 . . 1 . . 3 . 12 . 7 . 4 Investigation 6 | . 1 . . 1 . . 1 . . . . 1 . . . . . . . . . 2 . . Extermination 5 | . . . . . . . . . . . . . . . . . . 1 . 3 . . . 1 Reinforcement 9 | . 1 . . . . . 1 . . . . . . . 1 . . 1 . 5 . . . . Assault 12 | . . 1 . . . . . . . . . . . . . . . 1 . 4 . 3 . 3 Garrison 2 | . . . . . . . . . . . . . . . . . . . . . . 2 . . Intercept . | . . . . . . . . . . . . . . . . . . . . . . . . . Searches Triggered . | . . . . . . . . . . . . . . . . . . . . . . . . . Construction Impeded 3 | . . . . . . . . . . . . . . . . . . . . 3 . . . . Haulers Reinforced 2 | . . . . . . . . . . . . . . . . . . 1 . 1 . . . . Active Scanning Responses . | . . . . . . . . . . . . . . . . . . . . . . . . . Cargo Convoy Interrupts . | . . . . . . . . . . . . . . . . . . . . . . . . . Stealth | -11 -10 -10 -9 -9 -9 -8 -8 -8 -8 -8 -8 -7 -7 -7 -7 -6 -6 -6 -6 -5 -5 -5 -5 -5 --------- Run | Yrd Mat Min Mat Min Exi Min Mat Gar Mat Sto Gar Fac Gar Fac DSF Fac Gar Fac Gar Fac Gar Fac Gar Fac Distress Signals 15 | . 1 . . . . . 5 . 1 . . . . . . . . 2 . 6 . . . . Communications Jammed 5 | . . . . . . . . . . . . . . . . . . . . 5 . . . . Distress Signals 1 | . . . . . . . . . . . . . . . . . . . . 1 . . . . Times Spotted 453 | . 13 11 11 11 . 7 33 44 7 16 30 10 21 . 7 . 17 22 24 59 26 23 34 27 Peak Tracking Total 8 | . 5 3 5 4 . 4 5 5 2 3 6 8 6 . 3 . 4 7 5 7 8 5 7 6 Tactical Retreats 28 | . . 2 1 . . . 2 3 . 2 2 2 1 . 1 . 1 . 1 1 1 3 4 1 Traps | -11 -10 -10 -9 -9 -9 -8 -8 -8 -8 -8 -8 -7 -7 -7 -7 -6 -6 -6 -6 -5 -5 -5 -5 -5 ------- Run | Yrd Mat Min Mat Min Exi Min Mat Gar Mat Sto Gar Fac Gar Fac DSF Fac Gar Fac Gar Fac Gar Fac Gar Fac Traps Triggered 59 | . 1 . 1 . . . 2 12 . 1 12 1 6 . . . 6 1 1 . 3 3 9 . Indirectly . | . . . . . . . . . . . . . . . . . . . . . . . . . Trap Hack Attempts . | . . . . . . . . . . . . . . . . . . . . . . . . . Triggered . | . . . . . . . . . . . . . . . . . . . . . . . . . Disarmed . | . . . . . . . . . . . . . . . . . . . . . . . . . Reprogrammed . | . . . . . . . . . . . . . . . . . . . . . . . . . Reused . | . . . . . . . . . . . . . . . . . . . . . . . . . Traps Extracted . | . . . . . . . . . . . . . . . . . . . . . . . . . Installed . | . . . . . . . . . . . . . . . . . . . . . . . . . Triggered . | . . . . . . . . . . . . . . . . . . . . . . . . . Machines | -11 -10 -10 -9 -9 -9 -8 -8 -8 -8 -8 -8 -7 -7 -7 -7 -6 -6 -6 -6 -5 -5 -5 -5 -5 ---------- Run | Yrd Mat Min Mat Min Exi Min Mat Gar Mat Sto Gar Fac Gar Fac DSF Fac Gar Fac Gar Fac Gar Fac Gar Fac Machines Disabled 58 | . . . . 5 . 1 . 1 . 4 2 . . . 1 . 2 13 6 2 2 4 4 11 Max in Single Turn 4 | . . . . 4 . 1 . 1 . 1 1 . . . 1 . 1 . 1 . 1 3 1 4 Garrison Access 1 | . . . . . . . . . . . . . . . . . . . . . . . . 1 Garrison Relay 8 | . . . . . . . . 1 . . . . . . . . 1 . 4 . 1 . 1 . Phase Generator 1 | . . . . . . . . . . . 1 . . . . . . . . . . . . . Machines Repaired . | . . . . . . . . . . . . . . . . . . . . . . . . . Machines Dismantled 3 | . . . . . . . . . . 2 . . . . . . . . 1 . . . . . Machines Sabotaged . | . . . . . . . . . . . . . . . . . . . . . . . . . Overloaded Fab Kills . | . . . . . . . . . . . . . . . . . . . . . . . . . Hacking | -11 -10 -10 -9 -9 -9 -8 -8 -8 -8 -8 -8 -7 -7 -7 -7 -6 -6 -6 -6 -5 -5 -5 -5 -5 --------- Run | Yrd Mat Min Mat Min Exi Min Mat Gar Mat Sto Gar Fac Gar Fac DSF Fac Gar Fac Gar Fac Gar Fac Gar Fac Machines Accessed 36 | . . . . 1 1 . 2 2 3 6 1 2 . 1 . 1 2 2 3 3 2 4 . . Terminals 21 | . . . . . . . . 2 3 5 1 . . 1 . . 2 . 3 2 2 . . . Fabricators . | . . . . . . . . . . . . . . . . . . . . . . . . . Repair Stations 3 | . . . . . . . . . . . . 1 . . . . . . . . . 2 . . Recycling Units . | . . . . . . . . . . . . . . . . . . . . . . . . . Scanalyzers 3 | . . . . . . . 1 . . . . . . . . . . 1 . . . 1 . . Garrison Access 7 | . . . . . . . 1 . . 1 . 1 . . . 1 . 1 . 1 . 1 . . Total Hacks 59 | . . . . 1 1 . 3 4 7 9 1 3 . 3 . 1 3 2 7 4 3 7 . . Successful 21 | . . . . 1 1 . 2 . . 4 . 3 . 1 . 1 1 2 . 1 . 4 . . Failed 38 | . . . . . . . 1 4 7 5 1 . . 2 . . 2 . 7 3 3 3 . . Catastrophic 10 | . . . . . . . . 2 3 1 . . . . . . . . . 2 1 1 . . Database Lockouts . | . . . . . . . . . . . . . . . . . . . . . . . . . Manual 14 | . . . . . 1 . . 1 6 . . . . . . . . . . 1 . 5 . . Terminals 39 | . . . . . . . . 4 7 8 1 . . 3 . . 3 . 7 3 3 . . . Fabricators . | . . . . . . . . . . . . . . . . . . . . . . . . . Repair Stations 6 | . . . . . . . . . . . . 2 . . . . . . . . . 4 . . Recycling Units . | . . . . . . . . . . . . . . . . . . . . . . . . . Scanalyzers 4 | . . . . . . . 1 . . . . . . . . . . 1 . . . 2 . . Garrison Access 8 | . . . . . . . 2 . . 1 . 1 . . . 1 . 1 . 1 . 1 . . Terminal Hacks 7 | . . . . 1 1 . . . . 3 . . . 1 . . 1 . . . . . . . Open Door 3 | . . . . 1 . . . . . 2 . . . . . . . . . . . . . . Open DSF 1 | . . . . . . . . . . . . . . 1 . . . . . . . . . . Locate Traps 1 | . . . . . . . . . . 1 . . . . . . . . . . . . . . Garrison Registry 1 | . . . . . . . . . . . . . . . . . 1 . . . . . . . Proto ID Catalog 1 | . . . . . 1 . . . . . . . . . . . . . . . . . . . Fabricator Hacks . | . . . . . . . . . . . . . . . . . . . . . . . . . Repair Station Hacks 2 | . . . . . . . . . . . . 2 . . . . . . . . . . . . Scan Component 1 | . . . . . . . . . . . . 1 . . . . . . . . . . . . Repair 1 | . . . . . . . . . . . . 1 . . . . . . . . . . . . Recycling Unit Hacks . | . . . . . . . . . . . . . . . . . . . . . . . . . Scanalyzer 3 | . . . . . . . 1 . . . . . . . . . . 1 . . . 1 . . Retrieve Study 3 | . . . . . . . 1 . . . . . . . . . . 1 . . . 1 . . Garrison Access Hacks 7 | . . . . . . . 1 . . 1 . 1 . . . 1 . 1 . 1 . 1 . . Unlock Access 7 | . . . . . . . 1 . . 1 . 1 . . . 1 . 1 . 1 . 1 . . Unauthorized Hacks 2 | . . . . . . . . . . . . . . . . . . . . . . 2 . . Terminals . | . . . . . . . . . . . . . . . . . . . . . . . . . Fabricators . | . . . . . . . . . . . . . . . . . . . . . . . . . Repair Stations 2 | . . . . . . . . . . . . . . . . . . . . . . 2 . . Mechanics 1 | . . . . . . . . . . . . . . . . . . . . . . 1 . . Patch 1 | . . . . . . . . . . . . . . . . . . . . . . 1 . . Recycling Units . | . . . . . . . . . . . . . . . . . . . . . . . . . Scanalyzers . | . . . . . . . . . . . . . . . . . . . . . . . . . Garrison Access . | . . . . . . . . . . . . . . . . . . . . . . . . . Data Cores Recovered 2 | . . . . . . . . . . . . . . . . . . . . 2 . . . . Used 1 | . . . . . . . . . . . . . . . . . . . . 1 . . . . Hacking Detections 24 | . . . . . . . 2 2 3 4 1 1 . 1 . . 2 1 3 1 1 2 . . Full Trace Events 2 | . . . . . . . . . . . . . . . . . . . 1 . 1 . . . Feedback Events . | . . . . . . . . . . . . . . . . . . . . . . . . . Feedback Blocked . | . . . . . . . . . . . . . . . . . . . . . . . . . Robot Schematics Acquired . | . . . . . . . . . . . . . . . . . . . . . . . . . Robots Built . | . . . . . . . . . . . . . . . . . . . . . . . . . Authchips . | . . . . . . . . . . . . . . . . . . . . . . . . . Time . | . . . . . . . . . . . . . . . . . . . . . . . . . Total Robot Build Rating . | . . . . . . . . . . . . . . . . . . . . . . . . . Part Schematics Acquired . | . . . . . . . . . . . . . . . . . . . . . . . . . Parts Built . | . . . . . . . . . . . . . . . . . . . . . . . . . Authchips . | . . . . . . . . . . . . . . . . . . . . . . . . . Time . | . . . . . . . . . . . . . . . . . . . . . . . . . Total Part Build Rating . | . . . . . . . . . . . . . . . . . . . . . . . . . Part Studies Acquired 3 | . . . . . . . 1 . . . . . . . . . . 1 . . . 1 . . Parts Repaired 1 | . . . . . . . . . . . . 1 . . . . . . . . . . . . Time 22 | . . . . . . . . . . . . 22 . . . . . . . . . . . . Parts Recycled . | . . . . . . . . . . . . . . . . . . . . . . . . . Recycled Matter . | . . . . . . . . . . . . . . . . . . . . . . . . . Retrieved Matter . | . . . . . . . . . . . . . . . . . . . . . . . . . Retrieved Components . | . . . . . . . . . . . . . . . . . . . . . . . . . Parts Scanalyzed . | . . . . . . . . . . . . . . . . . . . . . . . . . Part Schematics Acquired . | . . . . . . . . . . . . . . . . . . . . . . . . . Parts Damaged . | . . . . . . . . . . . . . . . . . . . . . . . . . Bothacking | -11 -10 -10 -9 -9 -9 -8 -8 -8 -8 -8 -8 -7 -7 -7 -7 -6 -6 -6 -6 -5 -5 -5 -5 -5 ------------ Run | Yrd Mat Min Mat Min Exi Min Mat Gar Mat Sto Gar Fac Gar Fac DSF Fac Gar Fac Gar Fac Gar Fac Gar Fac Used RIF Installer 7 | . . . . . . . . 1 . . 1 . 1 . . . 1 . 1 . 1 . 1 . Coupler Efficiency 2 | . . . . . . . . . . . . . 1 . . . . . . . 1 . . . Hotswap 1 | . . . . . . . . . . . . . . . . . 1 . . . . . . . Code Merge 1 | . . . . . . . . . . . . . . . . . . . 1 . . . . . Threat Obfuscator 1 | . . . . . . . . . . . . . . . . . . . . . . . 1 . Watcher Feeds 1 | . . . . . . . . . . . 1 . . . . . . . . . . . . . Robots Hacked 14 | . . . . . . . . . . . . . . . 1 . 1 . 6 3 . 1 . 2 Non-combat 3 | . . . . . . . . . . . . . . . . . . . . . . 1 . 2 Combat 11 | . . . . . . . . . . . . . . . 1 . 1 . 6 3 . . . . Robot Hacks Applied 15 | . . . . . . . . . . . . . . . 1 . 1 . 6 4 . 1 . 2 map_route 1 | . . . . . . . . . . . . . . . . . . . . . . . . 1 find_garrison 1 | . . . . . . . . . . . . . . . . . . . . 1 . . . . amplify_resonance 1 | . . . . . . . . . . . . . . . . . . . . 1 . . . . overwrite_iff 2 | . . . . . . . . . . . . . . . . . . . 1 1 . . . . formatsys_low 2 | . . . . . . . . . . . . . . . . . . . . . . 1 . 1 formatsys_high 8 | . . . . . . . . . . . . . . . 1 . 1 . 5 1 . . . . Relay Couplers Released 45 | . . . . . . . . 3 . . 4 . . . . . 4 . 17 . 5 . 8 4 Machine Destruction 38 | . . . . . . . . 3 . . . . . . . . 4 . 17 . 5 . 5 4 Programmers 7 | . . . . . . . . . . . 4 . . . . . . . . . . . 3 . Attached 10 | . . . . . . . . . . . . . . 1 . . 2 . 4 2 . 1 . . Merged Code Value 5 | . . . . . . . . . . . . . . . . . . . 5 . . . . . Fabnet Peak Effective % . | . . . . . . . . . . . . . . . . . . . . . . . . . Robots Rewired 20 | . . . . . . . . 6 . . . . 6 . . . 2 . 3 . . . 3 . Allies Hacked 3 | . . . . . . . . . . . . . . . . . . . . 1 . . 2 . Hacks Repelled . | . . . . . . . . . . . . . . . . . . . . . . . . . Allies | -11 -10 -10 -9 -9 -9 -8 -8 -8 -8 -8 -8 -7 -7 -7 -7 -6 -6 -6 -6 -5 -5 -5 -5 -5 -------- Run | Yrd Mat Min Mat Min Exi Min Mat Gar Mat Sto Gar Fac Gar Fac DSF Fac Gar Fac Gar Fac Gar Fac Gar Fac Total Allies 41 | . . 1 . 2 . . . 8 . . . . 6 . 1 . 3 . 11 2 2 1 3 1 Largest Group 8 | . . 1 1 2 2 . . 7 . . . . 6 . 1 . 3 3 8 5 2 2 3 1 Highest-Rated Group 339 | . . 31 31 43 43 . . 140 . . . . 90 . 90 . 286 286 339 201 169 169 36 23 Highest-Rated Ally 116 | . . 31 31 31 31 . . 25 . . . . 16 . 90 . 116 116 80 62 89 89 12 23 Total Orders 24 | . . . . . . . 2 . . . . . 2 . . . 2 . 14 . . . . 4 STAY 14 | . . . . . . . . . . . . . 1 . . . 1 . 12 . . . . . ROAM 1 | . . . . . . . 1 . . . . . . . . . . . . . . . . . FOLLOW 4 | . . . . . . . . . . . . . 1 . . . 1 . 2 . . . . . AID 4 | . . . . . . . . . . . . . . . . . . . . . . . . 4 EXPLORE 1 | . . . . . . . 1 . . . . . . . . . . . . . . . . . Ally Attacks 304 | . . . 2 10 . . . 51 . . . . 15 . 17 . 30 25 57 61 9 10 17 . Total Damage 10249 | . . . 21 124 . . . 1435 . . . . 140 . 651 . 1509 1045 1431 2988 385 276 244 . Kills 85 | . . . . 3 . . . 16 . . . . . . 4 . 9 10 12 27 1 1 2 . Allies Corrupted . | . . . . . . . . . . . . . . . . . . . . . . . . . Allies Melted 1 | . . . . . . . . 1 . . . . . . . . . . . . . . . . Intel | -11 -10 -10 -9 -9 -9 -8 -8 -8 -8 -8 -8 -7 -7 -7 -7 -6 -6 -6 -6 -5 -5 -5 -5 -5 ------- Run | Yrd Mat Min Mat Min Exi Min Mat Gar Mat Sto Gar Fac Gar Fac DSF Fac Gar Fac Gar Fac Gar Fac Gar Fac Active Infowar (turns) 1688 | 20 649 713 86 . . . . . . . . . . . . . . . . 166 . . 54 . Seismic 1468 | 20 649 713 86 . . . . . . . . . . . . . . . . . . . . . Jamming 220 | . . . . . . . . . . . . . . . . . . . . 166 . . 54 . Robot Analysis Total . | . . . . . . . . . . . . . . . . . . . . . . . . . Derelict Logs Recovered 1 | . . . . 1 . . . . . . . . . . . . . . . . . . . . Drone Launches 1 | . . . . . . . 1 . . . . . . . . . . . . . . . . . Drone Recoveries . | . . . . . . . . . . . . . . . . . . . . . . . . . Exploration | -11 -10 -10 -9 -9 -9 -8 -8 -8 -8 -8 -8 -7 -7 -7 -7 -6 -6 -6 -6 -5 -5 -5 -5 -5 ------------- Run | Yrd Mat Min Mat Min Exi Min Mat Gar Mat Sto Gar Fac Gar Fac DSF Fac Gar Fac Gar Fac Gar Fac Gar Fac Turns Passed 25731 | 106 649 713 657 988 546 377 1405 2268 532 1273 2315 282 1885 11 527 607 1515 705 1747 1522 1277 758 2255 811 Spaces Moved 10343 | 47 276 357 243 518 235 161 526 806 202 420 854 84 661 4 194 254 605 338 833 648 606 340 863 268 Core 10 | 10 . . . . . . . . . . . . . . . . . . . . . . . . Treads 9591 | 37 276 357 243 518 235 8 137 806 202 420 854 84 661 4 194 79 580 338 833 648 606 340 863 268 Legs 742 | . . . . . . 153 389 . . . . . . . . 175 25 . . . . . . . Wheels . | . . . . . . . . . . . . . . . . . . . . . . . . . Hover . | . . . . . . . . . . . . . . . . . . . . . . . . . Flight . | . . . . . . . . . . . . . . . . . . . . . . . . . Fastest Speed 50 | 50 160 160 160 160 160 190 190 170 170 241 241 250 240 240 240 190 160 160 160 160 160 160 160 246 Average Speed 203 | 166 160 160 160 170 230 194 205 245 237 241 244 250 243 240 240 205 212 177 160 172 174 160 204 249 Slowest Speed 330 | 250 160 160 160 240 240 330 250 250 250 241 250 250 250 240 240 240 240 240 160 240 240 160 250 250 Overloaded Moves . | . . . . . . . . . . . . . . . . . . . . . . . . . Propulsion Burnouts . | . . . . . . . . . . . . . . . . . . . . . . . . . Robots Hopped . | . . . . . . . . . . . . . . . . . . . . . . . . . Potential Cave-ins . | . . . . . . . . . . . . . . . . . . . . . . . . . Cave-ins Triggered . | . . . . . . . . . . . . . . . . . . . . . . . . . Exploration Rate (%) 51 | 5 66 80 20 88 62 57 63 88 21 68 90 4 72 . 92 9 77 14 80 22 68 10 67 10 Regions Visited 24 Branch Regions 5 Pre-discovered Areas 2 | . . . . 1 . . . . . 1 . . . . . . . . . . . . . . Known Exits Taken 9 | . . . . . . . 1 . 1 1 . 1 . 1 . 1 . 1 . 1 . 1 . . Unknown Exits Taken 7 | 1 1 1 1 1 1 1 . . . . . . . . . . . . . . . . . . Scrap Searched 2 | . . 1 . 1 . . . . . . . . . . . . . . . . . . . . Spaces Dug 46 | . . . . . . . . 2 . . 8 . 11 . . . . . 4 7 6 2 5 1 Terrain Destroyed 332 | . . . . 35 . . . 2 . . 83 . 54 . . . 1 3 7 9 23 61 18 36 Melee 46 | . . . . . . . . 2 . . 8 . 11 . . . . . 4 7 6 2 5 1 Projectile 41 | . . . . . . . . . . . 4 . . . . . 1 3 3 2 4 6 11 7 AOE 243 | . . . . 35 . . . . . . 71 . 43 . . . . . . . 13 53 . 28 Terrain Rammed . | . . . . . . . . . . . . . . . . . . . . . . . . . Walls Destroyed . | . . . . . . . . . . . . . . . . . . . . . . . . . Machines Disabled . | . . . . . . . . . . . . . . . . . . . . . . . . . Actions | -11 -10 -10 -9 -9 -9 -8 -8 -8 -8 -8 -8 -7 -7 -7 -7 -6 -6 -6 -6 -5 -5 -5 -5 -5 --------- Run | Yrd Mat Min Mat Min Exi Min Mat Gar Mat Sto Gar Fac Gar Fac DSF Fac Gar Fac Gar Fac Gar Fac Gar Fac Total 13322 | 61 428 457 385 593 240 197 761 995 234 556 973 134 845 5 235 336 737 387 1076 874 738 497 1210 368 Wait 1264 | . 112 69 41 43 2 14 158 53 . 46 20 34 30 . 4 77 39 14 79 91 41 103 145 49 Move 10326 | 46 275 356 242 517 234 160 526 805 201 420 853 84 660 3 193 254 604 338 832 648 605 340 862 268 Hop . | . . . . . . . . . . . . . . . . . . . . . . . . . Pick Up 83 | 3 5 4 6 1 1 . 5 5 4 3 1 . 2 . 6 1 1 . 12 9 4 2 3 5 Fast Attach 82 | 7 . . 5 . 1 3 3 2 2 5 . 1 4 . 3 4 6 2 7 4 7 2 14 . Attach 51 | . . 1 2 1 . 2 6 1 2 3 3 . 4 . 1 . 2 . 4 7 3 2 5 2 Detach 44 | . . . 3 3 1 1 4 1 1 4 . . 1 . 1 . 2 3 5 3 4 1 5 1 Swap 142 | . 2 . 5 3 . . 5 14 3 8 6 1 10 2 5 . 4 3 28 16 5 5 10 7 Drop 106 | . 4 1 9 2 1 . 2 7 8 5 1 . 3 . 9 . 7 . 14 6 9 1 11 6 Fire 827 | 5 29 26 70 20 . 17 50 48 13 40 56 14 33 . 13 . 31 23 78 78 44 38 72 29 Melee 121 | . . . . . . . . 10 . 5 10 . 22 . . . 33 . 9 8 10 2 11 1 Ram . | . . . . . . . . . . . . . . . . . . . . . . . . . Kick 1 | . . . . . . . 1 . . . . . . . . . . . . . . . . . Crush 20 | . 1 . 2 3 . . 1 . . 1 1 . 2 . . . . 4 . 4 . 1 . . Escape Stasis 79 | . . . . . . . . 19 . . 22 . 12 . . . 8 . . . 6 . 12 . Rewire 152 | . . . . . . . . 30 . . . . 62 . . . . . . . . . 60 . Trap . | . . . . . . . . . . . . . . . . . . . . . . . . . Miscellaneous 24 | . . . . . . . . . . 16 . . . . . . . . 8 . . . . . Route ------- -11/Scrapyard -10/Materials (discovered 2 exits: [*Min x2]) -10/Mines (discovered 2 exits: *Mat x2) -9/Materials -9/Mines (discovered 2 exits: *Mat / *Exi) -9/Exiles -8/Mines (discovered 2 exits: *Mat x2) -8/Materials (discovered 3 exits: *Fac / *Sto / Gar) -8/Garrison (discovered 3 exits: *Mat x3) -8/Materials -8/Storage (discovered 2 exits: *Fac / Gar) -8/Garrison (discovered 3 exits: *Fac x3) -7/Factory -7/Garrison (discovered 3 exits: *Fac x3) -7/Factory -7/DSF -6/Factory -6/Garrison (discovered 3 exits: *Fac x3) -6/Factory (discovered 2 exits: [*Low] / Gar) -6/Garrison (discovered 3 exits: *Fac x3) -5/Factory (discovered 3 exits: [*Upp x2] / Gar) -5/Garrison (discovered 3 exits: *Fac x3) -5/Factory -5/Garrison (discovered 4 exits: [*Fac x3] / [*Fac]) -5/Factory History --------- Turn | Location | Event 21 | -11/Scrapyard | Discovered new exit (range 15) 107 | -11/Scrapyard | Entered Materials 317 | -10/Materials | Build established: Mutant 506 | -10/Materials | Discovered new exit (range 11) 730 | -10/Materials | Discovered new exit (range 14) 756 | -10/Materials | Entered Mines 948 | -10/Mines | Discovered new exit (range 9) 1205 | -10/Mines | Discovered new exit (range 8) 1206 | -10/Mines | Met a Derelict testing a Signal Generator 1220 | -10/Mines | Found Signal Generator 1469 | -10/Mines | Entered Materials 1469 | -9/Materials | Accompanied by 1 ally 1469 | -9/Materials | Evolved 2 slots: Propulsion x1, Utility x1 1810 | -9/Materials | Build established: Scavenger-Mutant 2042 | -9/Materials | Discovered new exit (range 8) 2126 | -9/Materials | Entered Mines 2244 | -9/Mines | Learned location of Storage (-8) 2478 | -9/Mines | Discovered new exit (range 13) 2617 | -9/Mines | Met a Derelict shopkeep closing up shop 3084 | -9/Mines | Deemed a non-threat by the Exiles lab entrance 3086 | -9/Mines | Discovered new exit (range 5) 3114 | -9/Mines | Entered Exiles 3114 | -9/Exiles | Accompanied by 2 allies 3144 | -9/Exiles | Led the pair of lost Derelicts to a safe place 3174 | -9/Exiles | Met 8R-AWN 3208 | -9/Exiles | Met EX-HEX 3241 | -9/Exiles | Build established: Mutant 3285 | -9/Exiles | Met EX-BIN 3318 | -9/Exiles | Aligned with FarCom system 3321 | -9/Exiles | Given EX-Vault access code 3378 | -9/Exiles | Opened EX-Vault 3395 | -9/Exiles | Found Supersonic Drone Bay 3439 | -9/Exiles | Warned to stay clear of 0b10 Research branches 3507 | -9/Exiles | Met EX-DEC 3642 | -9/Exiles | Discovered new exit (range 14) 3660 | -9/Exiles | Left Exiles lab with Supersonic Drone Bay 3660 | -9/Exiles | Entered Mines 3678 | -8/Mines | Discovered new exit (range 15) 4010 | -8/Mines | Discovered new exit (range 14) 4037 | -8/Mines | Entered Materials 4037 | -8/Materials | Evolved 2 slots: Weapon x2 4038 | -8/Materials | Identified exit to Storage 4046 | -8/Materials | Discovered new exit (range 72) 4347 | -8/Materials | Build established: Skirmisher 4827 | -8/Materials | Build established: Scavenger-Skirmisher 5329 | -8/Materials | Build established: Skirmisher 5442 | -8/Materials | Identified exit to Garrison 5442 | -8/Materials | Entered Garrison 5654 | -8/Garrison | Triggered checkpoint 5832 | -8/Garrison | Triggered checkpoint 6102 | -8/Garrison | Triggered checkpoint 6128 | -8/Garrison | Triggered checkpoint 6162 | -8/Garrison | Triggered checkpoint 6201 | -8/Garrison | Rescued a captive Derelict 6202 | -8/Garrison | Rescued a captive Derelict 6357 | -8/Garrison | Build established: Commander-Skirmisher 6422 | -8/Garrison | Discovered new exit (range 15) 6513 | -8/Garrison | Installed Relay Interface Framework 6602 | -8/Garrison | Triggered checkpoint 6642 | -8/Garrison | Triggered checkpoint 6684 | -8/Garrison | Lost 3 allies 6746 | -8/Garrison | Build established: Skirmisher 6854 | -8/Garrison | Discovered new exit (range 11) 6994 | -8/Garrison | Triggered checkpoint 7064 | -8/Garrison | Triggered checkpoint 7254 | -8/Garrison | Triggered checkpoint 7368 | -8/Garrison | Garrison Relay disabled 7499 | -8/Garrison | Discovered new exit (range 14) 7710 | -8/Garrison | Entered Materials 7836 | -8/Materials | Discovered exit to Storage (range 15) 8242 | -8/Materials | Entered Storage 8281 | -8/Storage | Learned location of Armory (-3) 9280 | -8/Storage | Discovered new exit (range 6) 9515 | -8/Storage | Identified exit to Garrison 9515 | -8/Storage | Entered Garrison 9571 | -8/Garrison | Triggered checkpoint 10003 | -8/Garrison | Triggered checkpoint 10125 | -8/Garrison | Triggered checkpoint 10132 | -8/Garrison | Core integrity fell below 50% 10212 | -8/Garrison | Discovered new exit (range 12) 10317 | -8/Garrison | Triggered checkpoint 10593 | -8/Garrison | Discovered new exit (range 14) 10823 | -8/Garrison | Triggered checkpoint 10915 | -8/Garrison | Triggered checkpoint 11097 | -8/Garrison | Discovered new exit (range 11) 11142 | -8/Garrison | Phase Generator disabled 11535 | -8/Garrison | Triggered checkpoint 11803 | -8/Garrison | Expanded RIF knowledge: Watcher Feeds 11830 | -8/Garrison | Entered Factory 11830 | -7/Factory | Evolved 2 slots: Utility x2 11895 | -7/Factory | Repaired Gauss Rifle 12075 | -7/Factory | Lost 3 parts (1n1u1w) 12082 | -7/Factory | Destroyed 7 combat bots 12112 | -7/Factory | Identified exit to Garrison 12112 | -7/Factory | Entered Garrison 12150 | -7/Garrison | Triggered checkpoint 12176 | -7/Garrison | Triggered checkpoint 12660 | -7/Garrison | Expanded RIF knowledge: Coupler Efficiency 12673 | -7/Garrison | Build established: Scavenger-Tank 12850 | -7/Garrison | Triggered checkpoint 12886 | -7/Garrison | Lost 3 allies 12956 | -7/Garrison | Lost 3 allies 12995 | -7/Garrison | Discovered new exit (range 12) 13330 | -7/Garrison | Triggered checkpoint 13416 | -7/Garrison | Triggered checkpoint 13569 | -7/Garrison | Discovered new exit (range 14) 13849 | -7/Garrison | Discovered new exit (range 12) 13892 | -7/Garrison | Triggered checkpoint 13997 | -7/Garrison | Entered Factory 14005 | -7/Factory | Identified exit to DSF 14008 | -7/Factory | Entered DSF 14036 | -7/DSF | Additional patrols routed to DSF 14162 | -7/DSF | Discovered new exit (range 15) 14535 | -7/DSF | Entered Factory 14535 | -6/Factory | Evolved 2 slots: Propulsion x1, Utility x1 14564 | -6/Factory | Build established: Bothacker-Skirmisher 15142 | -6/Factory | Identified exit to Garrison 15142 | -6/Factory | Entered Garrison 15152 | -6/Garrison | Spotted B-75 Beast 15162 | -6/Garrison | Assimilated Beast 5a with formatsys_high 15168 | -6/Garrison | Spotted B-86 Titan 15168 | -6/Garrison | Rewired B-75 Beast 15174 | -6/Garrison | Allies destroyed B-86 Titan 15175 | -6/Garrison | Rewired B-86 Titan 15376 | -6/Garrison | Triggered checkpoint 15415 | -6/Garrison | Garrison Relay disabled 15487 | -6/Garrison | Triggered checkpoint 15493 | -6/Garrison | Triggered checkpoint 15533 | -6/Garrison | Build established: Tank 15548 | -6/Garrison | Triggered checkpoint 15596 | -6/Garrison | Expanded RIF knowledge: Hotswap 15676 | -6/Garrison | Discovered new exit (range 12) 15910 | -6/Garrison | Discovered new exit (range 15) 15912 | -6/Garrison | Triggered checkpoint 16166 | -6/Garrison | Discovered new exit (range 12) 16364 | -6/Garrison | Triggered checkpoint 16608 | -6/Garrison | Discovered new exit (range 10) 16608 | -6/Garrison | Discovered new exit (range 60) 16608 | -6/Garrison | Discovered new exit (range 66) 16657 | -6/Garrison | Entered Factory 16657 | -6/Factory | Accompanied by 3 allies 17214 | -6/Factory | Discovered new exit (range 8) 17357 | -6/Factory | First assault squad dispatched 17362 | -6/Factory | Identified exit to Garrison 17362 | -6/Factory | Entered Garrison 17372 | -6/Garrison | Triggered checkpoint 17723 | -6/Garrison | Triggered checkpoint 17747 | -6/Garrison | Garrison Relay disabled 17992 | -6/Garrison | Spotted B-75 Beast 18011 | -6/Garrison | Allies destroyed B-75 Beast 18035 | -6/Garrison | Build established: Commander-Tank 18082 | -6/Garrison | Triggered checkpoint 18166 | -6/Garrison | Triggered checkpoint 18271 | -6/Garrison | Garrison Relay disabled 18327 | -6/Garrison | Found embedded Infiltrators 18332 | -6/Garrison | Discovered new exit (range 13) 18482 | -6/Garrison | Triggered checkpoint 18513 | -6/Garrison | Build established: Bothacker-Tank 18535 | -6/Garrison | Expanded RIF knowledge: Code Merge 18560 | -6/Garrison | Triggered checkpoint 18581 | -6/Garrison | Garrison Relay disabled 18618 | -6/Garrison | Discovered new exit (range 15) 18896 | -6/Garrison | Triggered checkpoint 18935 | -6/Garrison | Lost 3 allies 18968 | -6/Garrison | Triggered checkpoint 19029 | -6/Garrison | Garrison Relay disabled 19074 | -6/Garrison | Discovered new exit (range 13) 19109 | -6/Garrison | Entered Factory 19109 | -5/Factory | Accompanied by 5 allies 19109 | -5/Factory | Evolved 2 slots: Utility x2 19409 | -5/Factory | First assault squad dispatched 19675 | -5/Factory | Discovered new exit (range 12) 20305 | -5/Factory | Lost 3 parts (3u) 20545 | -5/Factory | Discovered new exit (range 3) 20631 | -5/Factory | Identified exit to Garrison 20631 | -5/Factory | Entered Garrison 20841 | -5/Garrison | Triggered checkpoint 20841 | -5/Garrison | Triggered checkpoint 20851 | -5/Garrison | Spotted B-75 Beast 20857 | -5/Garrison | Destroyed B-75 Beast 20886 | -5/Garrison | Destroyed 10 combat bots 20965 | -5/Garrison | Triggered checkpoint 21101 | -5/Garrison | Garrison Relay disabled 21208 | -5/Garrison | Discovered new exit (range 10) 21494 | -5/Garrison | Found embedded Infiltrators 21534 | -5/Garrison | Discovered new exit (range 11) 21548 | -5/Garrison | Expanded RIF knowledge: Coupler Efficiency 21651 | -5/Garrison | Triggered checkpoint 21726 | -5/Garrison | Discovered new exit (range 8) 21767 | -5/Garrison | Triggered checkpoint 21908 | -5/Garrison | Entered Factory 21908 | -5/Factory | Accompanied by 2 allies 22208 | -5/Factory | First assault squad dispatched 22273 | -5/Factory | Garrison activated, responded to threat 22349 | -5/Factory | Lost 3 allies 22583 | -5/Factory | Garrison activated, responded to threat 22596 | -5/Factory | Build established: Scavenger-Tank 22618 | -5/Factory | Destroyed 7 combat bots 22666 | -5/Factory | Identified exit to Garrison 22666 | -5/Factory | Entered Garrison 22762 | -5/Garrison | Triggered checkpoint 22795 | -5/Garrison | Discovered new exit (range 5) 22965 | -5/Garrison | Lost 3 allies 23114 | -5/Garrison | Spotted B-75 Beast 23146 | -5/Garrison | Destroyed B-75 Beast 23150 | -5/Garrison | Heavy support dispatched to Factory 23190 | -5/Garrison | Triggered checkpoint 23393 | -5/Garrison | Destroyed 7 combat bots 23426 | -5/Garrison | Discovered new exit (range 8) 23524 | -5/Garrison | Triggered checkpoint 23588 | -5/Garrison | Heavy support dispatched to Factory 23641 | -5/Garrison | Discovered new exit (range 15) 23755 | -5/Garrison | Heavy support dispatched to Factory 23764 | -5/Garrison | Triggered checkpoint 23833 | -5/Garrison | Lost 3 parts (1n1u1w) 23895 | -5/Garrison | H-XX Assembler disabled 24019 | -5/Garrison | Garrison Relay disabled 24509 | -5/Garrison | Discovered new exit (range 3) 24561 | -5/Garrison | Expanded RIF knowledge: Threat Obfuscation 24921 | -5/Garrison | Entered Factory 25221 | -5/Factory | First assault squad dispatched 25732 | -5/Factory | Self-destructed Last Messages --------------- 25719_ K-01 Serf destroyed. 25719_ Slug penetrates T-07 Excavator. 25719_ G-67 Veteran suffers critical hit (Destroy). 25719_ G-67 Veteran destroyed. 25719_ Switching to secondary target: B-60 Warrior. 25719_ Slug penetrates B-60 Warrior. 25719_ B-60 Warrior suffers critical hit (Destroy). 25719_ K-01 Serf destroyed. 25719_ Slug penetrates B-60 Warrior. 25722_ B-60 Warrior suffers critical hit (Destroy). 25722_ Slug penetrates B-60 Warrior. 25722_ K-01 Serf collects debris. 25729_ Ended siege mode. 25729_ K-01 Serf collects debris. 25729_ U-05 Engineer builds a Wall. 25730_ Relay Coupler [NC] destroyed. Map ----- +----------------------------------------------------+ | ????????????????????????????????????????????????# | | ????????????????????????????????????????????????## | | ????????????????????????????????????????????????## | | ?????????????????????????????????????????????????" | | ?????????????????????????????????????????????????# | | ????????????????????????????????????############## | | ????????????????????????????????????# # | | ????????????????????????????#????#??# """" # | | ????????????????????????????# #??# """" # | | ????????????????????????????# #### """" # | | ????????????????????????????# + """" # | | ????????????????????????????# #### """" + | | ??????????????????????#?????# #??# """" # | | ???????????????????? #?????# #??# """" # | | ?????????????#???? #?????# ! #??# !! # | | ?????????????# ??" #?????# %i #### [ != # | | ?????????????# """ #?????#%g + g # | | ?????????????# """ #######u####### # | | ?????????????# # !%*#?????############## | | ??#?????????########+## ![[#?#######???#"""""## | | #?######### % *g#?#""G""#???#"""""## | | ? #?? ! # m ### ! #####"" F"## | | " #?? # ! ! ! | | " #?? # /%! | | #?? # b=k % " | | " #?? + #########@ "" """ " | | " #?? # # # "" """ | | " #?? # # + " """ """ | | #?? # # # "" """ | | " #?? # # #m "" """ | | " #?######### # # | | " #?????????# # + ! | | #?????????# # # | | #+########### # # | | """T""" # # ########+##### | | "" + # #????? ??####+######## | | "" # + #??? #?? # | | "" + # = #??# # # | | "" ##### #??# # # "" | | "" = #???# #??# # ] # """" | | "" #???# ]#??# """" # # """" | | #???# #??# """" # # ? | | ! #???# #??# """" ########?? | | #############???#########??# """" #?????????? | | ?????????????????????????????????###????????????## | | | | | | | | | | | +----------------------------------------------------+ Best States ------------- Heat Dissipation 73 Energy Generation 25 Energy Capacity 700 Matter Stores 300 Matter Capacity 300 Sight Range 16 Terrain Scan Density 10 Jamming Range 14 Armor Coverage 1200 Resistance: KI 30 Weapon Cycling 25 Phase Shifting 15 Evasion (%) 55 Melee Accuracy 5 Core Analysis 6 Recoil Reduction 4 Particle Charging 15 Offensive Hacking 10 Relay Coupler Types 1 Relay Coupler Value 36 Item Schematics ----------------- None Robot Schematics ------------------ None Fabricated ------------ Nothing Repaired ---------- Gauss Rifle | 11% | -7/Factory Studied --------- Minigun | -8/Materials | Hacked Hvy. Machine Gun | -6/Factory | Hacked KE Penetrator | -5/Factory | Hacked Alien Tech Used ----------------- None Achievements -------------- None Challenges ------------ None Game ------ Seed ReactiveWeaponsImmobilizer Manual? 0 Play Time 02:06:58 Cumulative 160.2 hours Start 2026.09.20 @ 19:35:00 End 2026.09.21 @ 13:39:50 Sessions 5 Manual Loads 0 Difficulty Rogue Special Mode None Game No. 290 Rogue 290 Adventurer 0 Explorer 0 Win Type - Total 3 Types 2/0/0/1/0/0/0/0/0/0 Lore% 58 Gallery% 58 Achievement% 52 Wizard Run 0 Options --------- Layout 2 ASCII 0 Keyboard 1 Movement Numpad Keybinds 0 Fullscreen 1 Font 24/Smallcaps Map View 50x44 Zoom Use 0% Tactical HUD 1 Map Filters NONE Filters NONE Steam 1 RUN: eaa14881-0ffd-4cb4-b1b7-2443d2e80a49